 Dungeon Crawl Stone Soup version 0.27.1-4-g1640c2035a (webtiles) character file.

Game seed: 8557790042097832101

277 Stomo444 the Skirmisher (level 6, -4/66 HPs)
             Began as an Ogre Gladiator on Nov 17, 2021.
             Killed by nerve-wracking pain
             ... invoked by an orc priest
              (7 damage)
             ... on level 4 of the Dungeon.
             The game lasted 00:04:01 (3766 turns).

Stomo444 the Skirmisher (Ogre Gladiator)            Turns: 3766, Time: 00:04:02

Health: -4/66      AC:  3    Str: 21    XL:     6   Next: 26%
Magic:  6/6        EV: 10    Int:  9    God:
Gold:   79         SH:  0    Dex: 10    Spells: 5/5 levels left

rFire    . . .     SeeInvis .   n - +0 whip (elec)
rCold    . . .     Faith    .   (no shield)
rNeg     . . .     Spirit   .   b - +0 robe
rPois    .         Reflect  .   c - +0 hat
rElec    .         Harm     .   (no cloak)
rCorr    .         Rampage  .   (gloves unavailable)
Will     .....                  (boots unavailable)
Stlth    +.........             (no amulet)
HPRegen  0.21/turn              (no ring)
MPRegen  0.10/turn              (no ring)

@: no status effects
A: large, unfitting armour, tough skin 1
a: no special abilities


You were on level 4 of the Dungeon.
You visited 1 branch of the dungeon, and saw 4 of its levels.

You collected 79 gold pieces.

Inventory:

Hand Weapons
 a - a +0 flail
 n - a +0 whip of electrocution (weapon)
Missiles
 d - a throwing net (quivered)
 h - 135 stones
Armour
 b - a +0 robe (worn)
 c - a +0 hat (worn)
Jewellery
 m - an amulet of faith
Wands
 k - a wand of flame (22)
Scrolls
 e - a scroll of acquirement {unknown}
 g - 2 scrolls of identify {unknown}
 j - 2 scrolls of enchant armour {unknown}
 l - 2 scrolls of amnesia {unknown}
 o - 2 scrolls of teleportation {unknown}
Potions
 f - a potion of lignification {unknown}
 i - 2 potions of brilliance {unknown}


   Skills:
 + Level 5.2 Fighting
 + Level 4.2 Maces & Flails
 - Level 2.0 Throwing
 + Level 4.1 Dodging


You had 5 spell levels left.
You didn't know any spells.
Your spell library was empty.

Dungeon Overview and Level Annotations

Branches:
Dungeon (4/15)
 Temple: D:4-7

Altars:
Hepliaklqana
Qazlal
Sif Muna

Annotations:
D:3 2 transporters


Innate Abilities, Weirdness & Mutations

You are too large for most types of armour.
You have tough skin. (AC +1)


Message History

The orc priest closely misses you.
Unknown command.
You hit the orc priest but do no damage.
The orc priest is lightly wounded.
The orc priest hits you with a +0 short sword.
* * * LOW HITPOINT WARNING * * *
Throw: 3 throwing nets
Press: ? - help, Q - select action, (/) - cycle Shift-Dir - straight line, f - orc priest
Aim: an orc priest, wielding a +0 short sword and wearing a +0 chain mail (lightly wounded, 67% to hit)
You throw a throwing net.
The throwing net barely misses the orc priest.
The orc priest hits you with a +0 short sword.
* * * LOW HITPOINT WARNING * * *
Throw: 2 throwing nets
Press: ? - help, Q - select action, (/) - cycle Shift-Dir - straight line, f/p - orc priest
Aim: an orc priest, wielding a +0 short sword and wearing a +0 chain mail (lightly wounded, 67% to hit)
You throw a throwing net. The throwing net hits the orc priest.
The orc priest is caught in the net!
The orc priest is lightly wounded.
The orc priest struggles against the net.
You hit the orc priest.
The orc priest is moderately wounded.
You hit the orc priest but do no damage.
The orc priest is moderately wounded.
The orc priest struggles against the net.
You hit the orc priest.
The orc priest is moderately wounded.
The orc priest looks braver for a moment.
The orc priest struggles against the net.
You hit the orc priest but do no damage.
The orc priest is moderately wounded.
You catch the helpless orc priest completely off-guard!
You hit the orc priest but do no damage.
The orc priest is moderately wounded.
The orc priest struggles against the net.
You hit the orc priest.
The orc priest is heavily wounded.
The orc priest invokes the aid of Beogh against you.
Pain shoots through your body!
You die...

..#############
.(.....o@....>#
.....#'######.#
... ... #.# .
..... #.#
....... #.#
....... #.#
..####+ #.# ..
#.# #.#


You could see an orc priest (caught).

Vanquished Creatures
  2 orc priests
  Natasha (thrice) (D:2)
  An orc wizard (D:3)
  6 adders
  A worm (D:3)
  7 orcs
  6 ball pythons
  4 endoplasms
  2 giant cockroaches (D:3)
  4 goblins
  5 hobgoblins
  2 jackals (D:1)
  6 kobolds
  5 bats
  2 frilled lizards
  4 rats
60 creatures vanquished.

Vanquished Creatures (others)
  6 plants (D:3)
6 creatures vanquished.

Grand Total: 66 creatures vanquished

Notes
Turn   | Place    | Note
-------+----------+-------------------------------------------
     0 | D:1      | Stomo444 the Ogre Gladiator began the quest for the Orb.
     0 | D:1      | Reached XP level 1. HP: 22/22 MP: 1/1
   186 | D:1      | Reached skill level 3 in Fighting
   187 | D:1      | Reached XP level 2. HP: 30/31 MP: 2/2
  1027 | D:2      | Reached XP level 3. HP: 35/37 MP: 3/3
  1106 | D:2      | Noticed Natasha
  1110 | D:2      | Killed Natasha
  1189 | D:2      | Noticed Natasha
  1197 | D:2      | Killed Natasha
  1198 | D:2      | Reached skill level 4 in Fighting
  1198 | D:2      | Reached XP level 4. HP: 32/48 MP: 4/4
  1328 | D:2      | Found a stormy altar of Qazlal.
  1941 | D:2      | Noticed Natasha
  1949 | D:2      | Killed Natasha
  1950 | D:2      | Reached XP level 5. HP: 46/54 MP: 5/5
  2229 | D:3      | Found a hazy altar of Hepliaklqana.
  2253 | D:3      | Found a faded altar of an unknown god.
  2278 | D:2      | HP: 2/55 [orc (1)]
  2851 | D:3      | Identified the +5 ring mail of the Crypt {rN+}
  2851 | D:3      | Identified the +4 buckler of the Stag {Int+6}
  2969 | D:3      | Found a transporter.
  2975 | D:3      | Found a transporter.
  3322 | D:3      | Reached skill level 5 in Fighting
  3329 | D:3      | Reached XP level 6. HP: 49/66 MP: 6/6
  3548 | D:3      | Found a shimmering blue altar of Sif Muna.
  3759 | D:4      | HP: 2/66 [orc priest (3)]
  3766 | D:4      | Killed from afar by an orc priest

Illustrated notes

Levels and vault maps discovered:
D:1:      dpeg_arrival_orchard, layout_loops_cross, kennysheep_another_room
D:2:      layout_basic, basic_altar, minmay_crystal_room, uniq_natasha
D:3:      layout_basic, led_sif_pool, mainiacjoe_overflow_brackets,
          chequers_ecumenical_altar_simple_redux, gammafunk_ghost_gnarly_gnolls
D:4:      layout_basic, mainiacjoe_overflow_boulevard,
          mainiacjoe_overflow_small_starburst, goddamned_bats

Skill      XL: |  1  2  3  4  5 |
---------------+----------------+-----
Fighting       | 3 4 5 |  5.2
Maces & Flails | 3 4 |  4.2
Dodging        | 3 4 |  4.1
Throwing       | |  2.0

Action                   |  1- 3 |  4- 6 || total
-------------------------+-------+-------++-------
Melee: Flail             |    51 |   111 ||   162
       Whip              |       |    30 ||    30
Throw: Stone             |    10 |     3 ||    13
       Throwing net      |       |     4 ||     4
 Stab: Sleeping          |     2 |       ||     2
       Held in net/web   |       |     2 ||     2
Armor: Robe              |    22 |    35 ||    57
Dodge: Dodged            |    36 |    82 ||   118
